 Dungeon Crawl Stone Soup version 0.21-a0-529-g8c7b3f5d53 (webtiles) character file.

128 Brujo888 the Twirler (level 4, -1/38 HPs)
             Began as a Minotaur Gladiator on Dec 10, 2017.
             Slain by Brujo888's ghost (14 damage)
             ... on level 3 of the Dungeon.
             The game lasted 00:04:05 (1337 turns).

Brujo888 the Twirler (Minotaur Gladiator)           Turns: 1337, Time: 00:04:06

Health: -1/38      AC:  5    Str: 19    XL:     4   Next: 86%
Magic:  3/3        EV: 13    Int:  5    God:
Gold:   82         SH:  0    Dex: 12    Spells: 3/3 levels left

rFire    . . .     SeeInvis .   a - +0 quarterstaff
rCold    . . .     Gourm    .   (shield currently unavailable)
rNeg     . . .     Faith    .   b - +0 leather armour
rPois    .         Spirit   .   c - +0 hat
rElec    .         Reflect  .   n - +1 cloak {+Inv}
rCorr    .         Harm     .   (no gloves)
MR       .....                  (no boots)
Stlth    +.........             (no amulet)
HPRegen  0.12/turn              (no ring)
MPRegen  0.08/turn              (no ring)

@: no status effects
A: retaliatory headbutt, horns 2
a: Evoke Invisibility


You were on level 3 of the Dungeon.
You were not hungry.

You visited 1 branch of the dungeon, and saw 3 of its levels.

You collected 82 gold pieces.

Inventory:

Hand Weapons
 a - a +0 quarterstaff (weapon)
Missiles
 d - 3 throwing nets (quivered)
 s - 5 silver tomahawks
Armour
 b - a +0 leather armour (worn)
 c - a +0 hat (worn)
 n - a +1 cloak of invisibility (worn)
Scrolls
 e - 2 scrolls of random uselessness {unknown}
 h - a scroll of noise {unknown}
 j - a scroll of fog {unknown}
 k - a scroll of teleportation
 p - a scroll of remove curse
 t - a scroll of identify {unknown}
Potions
 m - a potion of might {unknown}
 o - a potion of mutation {unknown}
 r - a potion of resistance {unknown}
Comestibles
 f - a bread ration
 i - a meat ration
 q - 3 fruits


   Skills:
 + Level 3.1 Fighting
 * Level 4.7 Staves
 - Level 2.0 Throwing
 * Level 2.7 Armour
 * Level 4.3 Dodging


You had 3 spell levels left.
You didn't know any spells.

Dungeon Overview and Level Annotations

Branches:
Dungeon (3/15)

Altars:
Uskayaw

Annotations:
D:3 Brujo888's ghost, amateur MiGl


Innate Abilities, Weirdness & Mutations

You reflexively headbutt those who attack you in melee.
You have a pair of horns on your head.


Message History

As you read the scroll labeled LATOAW UKETYS, it crumbles to dust.
You feel strangely unstable.
It was a scroll of teleportation.
As you read the scroll labeled SEHOAMI NANAH, it crumbles to dust.
You feel as if something is helping you.
It was a scroll of remove curse.
Drop what? 20/52 slots (_ for help) (? for menu, Esc to quit)
You remove your ring of teleportation.
You drop an uncursed ring of teleportation.
Your surroundings suddenly seem different.
You start resting.
Brujo888's ghost (amateur Minotaur Gladiator) comes into view.
Brujo888's ghost turns its malevolent gaze towards you.
You hit Brujo888's ghost but do no damage.
Brujo888's ghost hits you!
You closely miss Brujo888's ghost. Brujo888's ghost hits you!
* * * LOW HITPOINT WARNING * * *
It was a potion of curing.
You feel better. Brujo888's ghost closely misses you.
You barely miss Brujo888's ghost. Brujo888's ghost hits you!
You die...

###### ### #.W@.#
..###.##.####### ##
####.#<...#÷.......
...#..>.#....#.#######
##...........###
#......♣P.##P♣ ##
......P♣.♣# .P♣.###
.##.#♣.♣P♣♣♣♣......
...##.#.PP.♣.♣.......


You could see Brujo888's ghost.

Vanquished Creatures
  A bullfrog skeleton (D:3)
  A gnoll (D:3)
  2 adders (D:2)
  4 worms
  A dart slug (D:1)
  2 leopard geckos
  7 giant cockroaches
  4 hobgoblins (D:2)
  A quokka (D:2)
  A ball python (D:2)
  9 bats
  3 frilled lizards
  8 goblins
  4 kobolds
  8 rats
56 creatures vanquished.

Notes
Turn   | Place    | Note
-------+----------+-------------------------------------------
     0 | D:1      | Brujo888 the Minotaur Gladiator began the quest for the Orb.
     0 | D:1      | Reached XP level 1. HP: 18/18 MP: 0/0
    86 | D:1      | Reached skill level 1 in Armour
   164 | D:1      | Reached XP level 2. HP: 24/25 MP: 1/1
   511 | D:2      | Found a hide-covered altar of Uskayaw.
   570 | D:2      | Reached XP level 3. HP: 30/30 MP: 2/2
   834 | D:2      | Reached XP level 4. HP: 37/37 MP: 3/3
  1333 | D:3      | Noticed Brujo888's ghost (amateur MiGl)
  1337 | D:3      | Slain by Brujo888's ghost

Vault maps used:
D:1:      mushboom_english_gardens, minmay_misc_feat_more_columns
D:2:      marbit_many_paths
D:3:      wad_woods_settlement, lemuel_crystal_altar, bloody_makhleb

Skill      XL: |  1  2  3  4 |
---------------+-------------+-----
Armour         | 1 2 |  2.7
Staves         | 4 |  4.7
Dodging        | 4 |  4.3
Fighting       | 3 |  3.1
Throwing       | |  2.0

Action                   |  1- 3 |  4- 6 || total
-------------------------+-------+-------++-------
Melee: Quarterstaff      |    83 |    24 ||   107
       Headbutt          |    10 |     5 ||    15
  Use: Scroll            |       |     2 ||     2
       Potion            |       |     1 ||     1
 Stab: Distracted        |     1 |       ||     1
       Sleeping          |     1 |       ||     1
  Eat: Chunk             |       |     1 ||     1
Armor: Leather armour    |    34 |     6 ||    40
Dodge: Dodged            |    68 |    15 ||    83

Table legend:
 A = Spawn XP
 B = Non-spawn XP
 C = Spawn XP percentage of total XP
 D = Spawn monster count
 E = Non-spawn monster count
 F = Spawn count percentage of total count
 G = Total turns spent on level
                    A         B        C        D         E        F      G
               +---------+---------+-------+---------+---------+-------+---------
         Total |       0 |     183 |   0.0 |       0 |      56 |   0.0 |  1337
               +---------+---------+-------+---------+---------+-------+---------
           D:1 |       0 |      31 |   0.0 |       0 |      21 |   0.0 |   476
           D:2 |       0 |      88 |   0.0 |       0 |      31 |   0.0 |   642
           D:3 |       0 |      64 |   0.0 |       0 |       4 |   0.0 |   219
               +---------+---------+-------+---------+---------+-------+---------
